 Dungeon Crawl Stone Soup version 0.29.0-4-gdea44cf6ec (webtiles) character file.

Game seed: 404402674764534021

4920 qw the Cleaver (level 10, -3/60 HPs)
             Began as a Tengu Warper on Aug 28, 2022.
             Was a Priest of Okawaru.
             Slain by a hornet (13 damage)
             ... on level 9 of the Dungeon.
             The game lasted 00:00:56 (7270 turns).

qw the Cleaver (Tengu Warper)                       Turns: 7270, Time: 00:00:57

Health: -3/60      AC: 13    Str: 15    XL:     10   Next: 51%
Magic:  14/14      EV: 15    Int: 15    God:    Okawaru [***...]
Gold:   363        SH:  0    Dex: 13    Spells: 13/13 levels left

rFire   . . .      SeeInvis +   Y - +2 broad axe (vorpal)
rCold   + . .      Faith    .   (no shield)
rNeg    . . .      Spirit   .   q - +0 chain mail
rPois   .          Reflect  .   f - +0 hat "Hieseili" {rElec rCorr}
rElec   +          Harm     .   g - +0 cloak
rCorr   +          Rampage  .   (no gloves)
Will    .....                   (boots unavailable)
Stlth   +.........              a - amulet of regeneration
HPRegen 1.00/turn               k - ring of Gihikee {EV+4 SInv Stlth+}
MPRegen 0.14/turn               p - ring of protection from cold

@: lethally poisoned (-3 -> -8), about to teleport, heroic, flying quickly and
evasively, slowed, very slow
A: beak, talons 3, nimble flight
a: Renounce Religion, Heroism


You were on level 9 of the Dungeon.
You worshipped Okawaru.
Okawaru was most pleased with you.
You visited 2 branches of the dungeon, and saw 10 of its levels.

You collected 533 gold pieces.
You spent 170 gold pieces at shops.


Innate Abilities, Weirdness & Mutations

You have a beak for a mouth.
You have claws for feet.
Your magical nature lets you fly swiftly and evasively.


   Skills:
 - Level 6.1(11.1) Fighting
 + Level 13.2(18.2) Axes
 - Level 1.0(6.0) Throwing
 - Level 5.1(10.1) Armour
 - Level 3.3(8.3) Dodging
 - Level 2.0 Spellcasting
 - Level 2.4 Translocations
 - Level 4.2 Invocations


You had 13 spell levels left.
You didn't know any spells.
Your spell library contained the following spells:

 Spells                   Type           Power      Damage    Failure   Level
 Blink                    Tloc           16%        N/A       83%         2
 Gell's Gravitas          Tloc           8%         N/A       97%         3
 Lesser Beckoning         Tloc           8%         N/A       97%         3
 Teleport Other           Tloc           8%         N/A       97%         3
 Manifold Assault         Tloc           8%         N/A       100%        5

Inventory:

Hand Weapons
 o - a +0 morningstar
 Y - a +2 vorpal broad axe (weapon)
Missiles
 b - 11 boomerangs (quivered)
Armour
 f - the +0 hat "Hieseili" (worn) {rElec rCorr}
   (You acquired it on level 4 of the Dungeon)

   rElec:     It insulates you from electricity.
   rCorr:     It protects you from acid and corrosion.
 g - a +0 cloak (worn)
 q - a +0 chain mail (worn)
Jewellery
 a - an amulet of regeneration (around neck)
 k - the ring of Gihikee (left hand) {EV+4 SInv Stlth+}
   (You acquired it on level 4 of the Dungeon)

   [ring of evasion]

   EV:        It affects your evasion (+4).
   SInv:      It lets you see invisible.
   Stlth:     It makes you more stealthy.
 p - a ring of protection from cold (right hand)
Scrolls
 e - 3 scrolls of identify
 h - 2 scrolls of teleportation
Potions
 c - 3 potions of heal wounds
 d - a potion of mutation
 i - 4 potions of curing
 l - a potion of magic
 m - 2 potions of haste

Dungeon Overview and Level Annotations

Branches:
Dungeon (9/15)             Temple (1/1) D:4
   Lair: D:8-11         Orc: D:9-12

Altars:
Ashenzari
Cheibriados
Dithmenos
Elyvilon
Fedhas
Gozag
Hepliaklqana
Kikubaaqudgha
Makhleb
Nemelex Xobeh
Okawaru
Qazlal
Ru
Sif Muna
Trog
Uskayaw
Wu Jian
Xom
Yredelemnul
Zin
The Shining One

Shops:
D:3 !   D:7 :

Annotations:
D:4 2 runed translucent doors, qw's ghost, novice TeWr


Message History

The centaur barely misses you.
You closely miss the centaur. Your peck misses the centaur.
The centaur is severely wounded.
Your surroundings suddenly seem different.
A hornet comes into view.
Found 7 stones and a robe.
Found a stone staircase leading up and a stone staircase leading down.
The hornet buzzes angrily.
Enter note: Throw: 11 boomerangs
Press: ? - help, Q - select action Shift-Dir - straight line, f - hornet You throw a boomerang.
The boomerang hits the hornet but does no damage.
You slice the hornet!! Your kick misses the hornet.
Your peck misses the hornet.
The hornet is severely wounded.
The hornet barely misses you.
You completely miss the hornet. You claw the hornet.
The hornet is almost dead.
The hornet barely misses you.
You barely miss the hornet. You peck the hornet, but do no damage.
The hornet is almost dead.
The hornet stings you!
You are poisoned.
You feel yourself slow down.
You miss the hornet.
The hornet is almost dead.
You feel yourself speed up.
You feel very sick.
The hornet stings you but does no damage.
You hit the hornet but do no damage. You peck the hornet.
The hornet is almost dead.
You feel sick. The hornet stings you!
You are more poisoned.
You feel yourself slow down.
7270 ||| READING 3 scrolls of teleportation.
As you read the scroll of teleportation, it crumbles to dust.
You feel strangely unstable.
You feel very sick. The hornet closely misses you. The hornet stings you!
You die...

.........
........#
........##
.........#
.>.......#
.......<.#
#........#
#.....@.#
.......y##
#........
..#...(... .
#........
#.......[.
..........#
...........#


You could see a hornet.

Vanquished Creatures
  An unseen horror (D:7)
  Sigmund (D:4)
  5 yaks (D:8)
  A steam dragon (D:7)
  Menkaure (D:6)
  3 water moccasins
  An orc warrior (D:8)
  3 ice beasts
  3 sky beasts
  A black bear (D:6)
  An ogre (D:5)
  4 centaurs
  4 bullfrogs
  A scorpion (D:7)
  2 necrophages
  5 wights (D:8)
  A killer bee (D:8)
  6 howler monkeys
  3 hounds
  5 orc priests
  6 jellies
  3 iguanas
  6 orc wizards
  5 adders
  2 shadow imps
  3 white imps
  An ufetubus (D:7)
  4 dart slugs
  3 worms
  52 orcs
  8 endoplasms
  3 giant cockroaches
  10 goblins
  6 hobgoblins
  A jackal (D:5)
  3 quokkas
  3 ball pythons
  5 bats
  14 frilled lizards
  5 kobolds
  3 rats
198 creatures vanquished.

Vanquished Creatures (others)
  Joseph (D:9)
  10 plants (D:3)
11 creatures vanquished.

Grand Total: 209 creatures vanquished

Notes
Turn   | Place    | Note
-------+----------+-------------------------------------------
     0 | D:1      | qw the Tengu Warper began the quest for the Orb.
     0 | D:1      | Reached XP level 1. HP: 12/12 MP: 4/4
     0 | D:1      | 0 ||| qw: Version: 0.1-a-89-g26bdef1
     0 | D:1      | 0 ||| qw: Game counter: 319
     0 | D:1      | 0 ||| qw: Always use a shield: true
     0 | D:1      | 0 ||| qw: God list: Okawaru
     0 | D:1      | 0 ||| qw: Allow faded altars: false
     0 | D:1      | 0 ||| qw: Do Orc after D:15 true
     0 | D:1      | 0 ||| qw: Do second Lair branch before Depths: true
     0 | D:1      | 0 ||| qw: Lair rune preference: random
     0 | D:1      | 0 ||| qw: Plans: Normal
     0 | D:1      | 0 ||| PLANNING D:1-11
   473 | D:1      | Found a faded altar of an unknown god.
   481 | D:1      | Reached XP level 2. HP: 17/17 MP: 6/6
   532 | D:1      | Reached skill level 3 in Axes
   627 | D:1      | 627 ||| Stepping ~*~*~tactically~*~*~ (stealth).
   629 | D:1      | 629 ||| Stepping ~*~*~tactically~*~*~ (stealth).
   960 | D:1      | 960 ||| UPGRADING to +0 cloak.
   965 | D:1      | 965 ||| READING scroll labelled KAFANKYCR NATUV.
   966 | D:1      | 966 ||| READING 2 scrolls labelled ZYOW VEJEGO.
   970 | D:1      | 970 ||| READING scroll labelled DONURU PUSIQU.
   971 | D:1      | 971 ||| DRINKING 2 bubbling silvery potions.
   972 | D:1      | 972 ||| DROPPING scroll of blinking.
  1324 | D:2      | Reached XP level 3. HP: 21/21 MP: 7/7
  1325 | D:2      | 1325 ||| Stepping ~*~*~tactically~*~*~ (stealth).
  1360 | D:2      | 1360 ||| Stepping ~*~*~tactically~*~*~ (hiding).
  1379 | D:2      | 1379 ||| Stepping ~*~*~tactically~*~*~ (hiding).
  1422 | D:2      | Reached skill level 4 in Axes
  1583 | D:2      | 1583 ||| DROPPING +0 club.
  2077 | D:2      | 2077 ||| UPGRADING to +0 scale mail.
  2087 | D:2      | 2087 ||| DROPPING +0 leather armour.
  2088 | D:2      | 2088 ||| UPGRADING to amulet of regeneration.
  2093 | D:2      | 2093 ||| READING scroll labelled CAUQYR SUWE.
  2094 | D:2      | 2094 ||| READING scroll labelled MOOTEIR PYNA.
  2095 | D:2      | 2095 ||| READING scroll labelled IBONECOBIJO.
  2105 | D:2      | 2105 ||| READING scroll labelled WIXZU NYXU.
  2106 | D:2      | 2106 ||| DRINKING 3 dark potions.
  2107 | D:2      | 2107 ||| DRINKING 2 amethyst potions.
  2108 | D:2      | 2108 ||| DROPPING 2 potions of brilliance.
  2144 | D:3      | Reached XP level 4. HP: 23/26 MP: 8/8
  2144 | D:3      | 2144 ||| STAIRDANCE
  2231 | D:3      | 2231 ||| Stepping ~*~*~tactically~*~*~ (stealth).
  2231 | D:3      | Found Rexu's Distillery.
  2245 | D:3      | Reached skill level 5 in Axes
  2255 | D:3      | 2255 ||| Stepping ~*~*~tactically~*~*~ (stealth).
  2257 | D:3      | 2257 ||| Stepping ~*~*~tactically~*~*~ (stealth).
  2258 | D:3      | 2258 ||| Stepping ~*~*~tactically~*~*~ (stealth).
  2259 | D:3      | 2259 ||| Stepping ~*~*~tactically~*~*~ (stealth).
  2280 | D:3      | 2280 ||| BUYING potion of curing (30 gold).
  2280 | D:3      | Bought a potion of curing for 30 gold pieces
  2280 | D:3      | 2280 ||| BUYING potion of heal wounds (50 gold).
  2280 | D:3      | Bought a potion of heal wounds for 50 gold pieces
  2280 | D:3      | 2280 ||| SHOPLISTING potion of mutation (80 gold, have 75).
  2289 | D:3      | 2289 ||| DROPPING +0 whip.
  2305 | D:3      | 2305 ||| Stepping ~*~*~tactically~*~*~ (stealth).
  2530 | D:3      | 2530 ||| Stepping ~*~*~tactically~*~*~ (hiding).
  2531 | D:3      | 2531 ||| Stepping ~*~*~tactically~*~*~ (hiding).
  2678 | D:3      | 2678 ||| Stepping ~*~*~tactically~*~*~ (stealth).
  2685 | D:3      | 2685 ||| Stepping ~*~*~tactically~*~*~ (stealth).
  2759 | D:3      | Found a basalt altar of Yredelemnul.
  2765 | D:3      | 2765 ||| FLEEEEING.
  2766 | D:3      | 2766 ||| Stepping ~*~*~tactically~*~*~ (stealth).
  2781 | D:3      | Found an ornate altar of the Wu Jian Council.
  2781 | D:3      | Found a hazy altar of Hepliaklqana.
  2783 | D:3      | Found an ornate altar of the Wu Jian Council.
  2783 | D:3      | Found a shimmering altar of Xom.
  2783 | D:3      | Found a blossoming altar of Fedhas.
  2786 | D:3      | 2786 ||| READING scroll labelled QIYLIO OMNOJEM.
  2787 | D:3      | 2787 ||| READING scroll labelled KOHIAD GUONAMM.
  2788 | D:3      | 2788 ||| READING 2 scrolls of identify.
  2788 | D:3      | 2788 ||| IDENTIFYING fuming blue potion
  2789 | D:3      | 2789 ||| DROPPING potion of degeneration.
  2827 | D:4      | Found Zin's Purification Station.
  2827 | D:4      | Found a glowing silver altar of Zin.
  2835 | D:4      | 2835 ||| BUYING potion of curing (90 gold).
  2835 | D:4      | Bought a potion of curing for 90 gold pieces
  2837 | D:4      | Found a staircase to the Ecumenical Temple.
  2838 | D:4      | 2838 ||| PLANNING TEMPLE
  2859 | D:4      | Gained mutation: Your magical nature lets you fly swiftly
                  | and evasively. [Tengu growth]
  2859 | D:4      | Reached XP level 5. HP: 24/30 MP: 9/9
  2868 | Temple   | Entered the Ecumenical Temple
  2882 | Temple   | Became a worshipper of Warmaster Okawaru
  2894 | Temple   | 2894 ||| PLANNING D:1-11
  2969 | D:4      | 2969 ||| DROPPING +0 flail.
  3000 | D:4      | 3000 ||| Stepping ~*~*~tactically~*~*~ (hiding).
  3019 | D:4      | Reached skill level 6 in Axes
  3100 | D:4      | Noticed Sigmund
  3101 | D:4      | 3101 ||| DRINKING 5 potions of curing.
  3101 | D:4      | 3101 ||| (to cure confusion)
  3105 | D:4      | 3105 ||| DRINKING 4 potions of curing.
  3105 | D:4      | 3105 ||| (to cure confusion)
  3114 | D:4      | Killed Sigmund
  3115 | D:4      | Reached skill level 7 in Axes
  3115 | D:4      | Reached XP level 6. HP: 20/35 MP: 10/10
  3166 | D:4      | Found a runed translucent door.
  3166 | D:4      | Noticed qw's ghost (novice TeWr)
  3409 | D:4      | Found a runed translucent door.
  3480 | D:4      | Reached * piety under Okawaru
  3481 | D:4      | Reached skill level 3 in Fighting
  3591 | D:4      | 3591 ||| DROPPING amulet of magic regeneration.
  3592 | D:4      | 3592 ||| READING 3 scrolls labelled MESEYR LYHI.
  3592 | D:4      | Identified 3 scrolls of acquirement
  3592 | D:4      | 3592 ||| ACQUIRING ring of Gihikee {EV+4 SInv Stlth+}
  3592 | D:4      | Acquired the ring of Gihikee {EV+4 SInv Stlth+}
  3594 | D:4      | 3594 ||| UPGRADING to ring of Gihikee {EV+4 SInv Stlth+}.
  3595 | D:4      | 3595 ||| READING 2 scrolls of acquirement.
  3595 | D:4      | 3595 ||| ACQUIRING +2 vorpal broad axe
  3595 | D:4      | Acquired a +2 vorpal broad axe
  3597 | D:4      | 3597 ||| SWAPPING to +2 vorpal broad axe.
  3598 | D:4      | 3598 ||| DROPPING +0 hand axe of freezing.
  3599 | D:4      | 3599 ||| READING scroll of acquirement.
  3599 | D:4      | 3599 ||| ACQUIRING +0 hat "Hieseili" {rElec rCorr}
  3599 | D:4      | Acquired the +0 hat "Hieseili" {rElec rCorr}
  3601 | D:4      | 3601 ||| UPGRADING to +0 hat "Hieseili" {rElec rCorr}.
  3606 | D:4      | 3606 ||| READING 2 scrolls of identify.
  3606 | D:4      | 3606 ||| IDENTIFYING fuming golden potion
  3625 | D:5      | Entered Level 5 of the Dungeon
  3650 | D:5      | 3650 ||| INVOKING Heroism.
  3656 | D:5      | Reached skill level 1 in Invocations
  3656 | D:5      | Reached XP level 7. HP: 41/41 MP: 8/11
  3706 | D:5      | 3706 ||| INVOKING Heroism.
  3725 | D:5      | 3725 ||| DROPPING +0 flail of draining.
  3811 | D:5      | Found a sacrificial altar of Ru.
  3949 | D:5      | 3949 ||| INVOKING Heroism.
  3953 | D:5      | Reached skill level 8 in Axes
  4106 | D:5      | 4106 ||| Stepping ~*~*~tactically~*~*~ (hiding).
  4119 | D:5      | Reached skill level 3 in Invocations
  4384 | D:5      | 4384 ||| DROPPING +3 leather armour.
  4385 | D:5      | 4385 ||| UPGRADING to ring of protection from cold.
  4386 | D:5      | 4386 ||| READING scroll labelled SINYER CEGOORPH.
  4404 | D:6      | 4404 ||| INVOKING Heroism.
  4420 | D:6      | 4420 ||| Stepping ~*~*~tactically~*~*~ (stealth).
  4423 | D:6      | 4423 ||| Stepping ~*~*~tactically~*~*~ (hiding).
  4430 | D:6      | 4430 ||| INVOKING Heroism.
  4435 | D:6      | Reached XP level 8. HP: 41/46 MP: 9/12
  4500 | D:6      | 4500 ||| Stepping ~*~*~tactically~*~*~ (stealth).
  4513 | D:6      | Found a sparkling altar of Nemelex Xobeh.
  4514 | D:6      | 4514 ||| INVOKING Heroism.
  4549 | D:6      | 4549 ||| INVOKING Heroism.
  4573 | D:6      | Noticed Menkaure
  4574 | D:6      | 4574 ||| INVOKING Heroism.
  4582 | D:6      | Killed Menkaure
  4625 | D:6      | 4625 ||| INVOKING Heroism.
  4627 | D:6      | Reached ** piety under Okawaru
  4628 | D:6      | 4628 ||| Stepping ~*~*~tactically~*~*~ (stealth).
  4651 | D:6      | Reached skill level 9 in Axes
  4667 | D:6      | 4667 ||| INVOKING Heroism.
  4796 | D:6      | 4796 ||| INVOKING Heroism.
  4801 | D:6      | Reached skill level 3 in Dodging
  4836 | D:6      | 4836 ||| Stepping ~*~*~tactically~*~*~ (stealth).
  4838 | D:6      | 4838 ||| INVOKING Heroism.
  4868 | D:6      | 4868 ||| Stepping ~*~*~tactically~*~*~ (hiding).
  4870 | D:6      | 4870 ||| INVOKING Heroism.
  4876 | D:6      | Reached skill level 10 in Axes
  4876 | D:6      | Reached XP level 9. HP: 32/52 MP: 10/13
  4968 | D:6      | Found a glowing golden altar of the Shining One.
  5149 | D:7      | 5149 ||| Stepping ~*~*~tactically~*~*~ (hiding).
  5165 | D:7      | 5165 ||| Stepping ~*~*~tactically~*~*~ (stealth).
  5167 | D:7      | 5167 ||| INVOKING Heroism.
  5267 | D:7      | 5267 ||| INVOKING Heroism.
  5272 | D:7      | 5272 ||| Stepping ~*~*~tactically~*~*~ (cloud).
  5599 | D:7      | Noticed an unseen horror
  5600 | D:7      | 5600 ||| Stepping ~*~*~tactically~*~*~ (stealth).
  5607 | D:7      | 5607 ||| INVOKING Heroism.
  5609 | D:7      | Reached skill level 11 in Axes
  5621 | D:7      | Killed an unseen horror
  5622 | D:7      | Reached skill level 3 in Armour
  5663 | D:7      | 5663 ||| Stepping ~*~*~tactically~*~*~ (hiding).
  5664 | D:7      | 5664 ||| INVOKING Heroism.
  5709 | D:7      | Found Cumonub's Book Boutique.
  5715 | D:7      | 5715 ||| Stepping ~*~*~tactically~*~*~ (hiding).
  5838 | D:7      | 5838 ||| UPGRADING to +0 chain mail.
  5848 | D:7      | 5848 ||| DROPPING +0 scale mail.
  5849 | D:7      | 5849 ||| DROPPING amulet of faith.
  5850 | D:7      | 5850 ||| READING 3 scrolls of identify.
  5850 | D:7      | 5850 ||| IDENTIFYING ruby potion
  5851 | D:7      | 5851 ||| DROPPING potion of attraction.
  5903 | D:8      | 5903 ||| Stepping ~*~*~tactically~*~*~ (hiding).
  5905 | D:8      | 5905 ||| Stepping ~*~*~tactically~*~*~ (hiding).
  5910 | D:8      | 5910 ||| INVOKING Heroism.
  5936 | D:8      | 5936 ||| INVOKING Heroism.
  5939 | D:8      | 5939 ||| Stepping ~*~*~tactically~*~*~ (stealth).
  5955 | D:8      | 5955 ||| Stepping ~*~*~tactically~*~*~ (stealth).
  5957 | D:8      | 5957 ||| Stepping ~*~*~tactically~*~*~ (stealth).
  5961 | D:8      | Reached *** piety under Okawaru
  5976 | D:8      | 5976 ||| FLEEEEING.
  6013 | D:8      | Found a burning altar of Makhleb.
  6055 | D:8      | Found a stormy altar of Qazlal.
  6056 | D:8      | 6056 ||| Stepping ~*~*~tactically~*~*~ (hiding).
  6243 | D:8      | 6243 ||| INVOKING Heroism.
  6246 | D:8      | Reached skill level 12 in Axes
  6285 | D:8      | Reached XP level 10. HP: 56/58 MP: 14/14
  6338 | D:8      | 6338 ||| Stepping ~*~*~tactically~*~*~ (hiding).
  6485 | D:8      | Reached skill level 6 in Fighting
  6492 | D:8      | 6492 ||| Stepping ~*~*~tactically~*~*~ (hiding).
  6493 | D:8      | Found a flagged portal.
  6495 | D:8      | 6495 ||| INVOKING Heroism.
  6615 | D:8      | 6615 ||| Stepping ~*~*~tactically~*~*~ (hiding).
  6616 | D:8      | 6616 ||| Stepping ~*~*~tactically~*~*~ (hiding).
  6642 | D:8      | 6642 ||| Stepping ~*~*~tactically~*~*~ (hiding).
  6644 | D:8      | 6644 ||| Stepping ~*~*~tactically~*~*~ (hiding).
  6657 | D:8      | 6657 ||| INVOKING Heroism.
  6658 | D:8      | 6658 ||| Stepping ~*~*~tactically~*~*~ (hiding).
  6760 | D:8      | Found a snail-covered altar of Cheibriados.
  6858 | D:8      | 6858 ||| DROPPING ring of ice.
  6859 | D:8      | 6859 ||| READING 3 scrolls labelled VATOCU BEUR.
  6860 | D:8      | 6860 ||| READING 3 scrolls labelled RECUYFF PEBID.
  6961 | D:8      | 6961 ||| READING 4 scrolls of identify.
  6961 | D:8      | 6961 ||| IDENTIFYING lumpy inky potion
  6962 | D:8      | 6962 ||| DROPPING 2 scrolls of poison.
  6963 | D:8      | 6963 ||| DROPPING 2 scrolls of silence.
  6972 | D:9      | Noticed Joseph
  6973 | D:9      | 6973 ||| INVOKING Heroism.
  6974 | D:9      | 6974 ||| STAIRDANCE
  6989 | D:9      | 6989 ||| STAIRDANCE
  7009 | D:9      | 7009 ||| STAIRDANCE
  7011 | D:8      | 7011 ||| INVOKING Heroism.
  7050 | D:9      | 7050 ||| STAIRDANCE
  7077 | D:9      | 7077 ||| STAIRDANCE
  7111 | D:9      | 7111 ||| STAIRDANCE
  7136 | D:9      | 7136 ||| STAIRDANCE
  7140 | D:8      | 7140 ||| INVOKING Heroism.
  7181 | D:9      | 7181 ||| STAIRDANCE
  7214 | D:9      | 7214 ||| STAIRDANCE
  7249 | D:9      | 7249 ||| INVOKING Heroism.
  7254 | D:9      | Killed Joseph
  7255 | D:9      | Reached skill level 13 in Axes
  7258 | D:9      | HP: 14/60 [centaur/arrow (7)]
  7259 | D:9      | 7259 ||| READING 4 scrolls of teleportation.
  7260 | D:9      | 7260 ||| DRINKING 4 potions of heal wounds.
  7269 | D:9      | HP: 14/60 [hornet (8)]
  7270 | D:9      | 7270 ||| READING 3 scrolls of teleportation.
  7270 | D:9      | Slain by a hornet

Levels and vault maps discovered:
D:1:      sevenhm_arrival_forest_fort_large_4, layout_loops_corners,
          ebering_ecumenical_altar_sacrificial, chequers_serial_rivers_marsh,
          dreamdust_princess_bridge
D:2:      layout_basic, minmay_octomino_e4
D:3:      layout_rooms, doesnt_xom_only_xom, serial_shops, shop,
          minmay_lizard_king
D:4:      layout_gridville, zin_purify, temple_statues, ebering_ghost_sewer_f,
          minivault_11, uniq_sigmund
D:5:      layout_basic, mainiacjoe_overflow_alcove_1, kennysheep_generic_room_3
D:6:      nicolae_whirlpool, layout_cave_pools, kennysheep_little_box,
          nicolae_tso_swordbearing_angel, uniq_menkaure
D:7:      layout_loops_cross, serial_shops, shop, grunt_ministairs_9
D:8:      layout_basic, nicolae_overflow_crystal_walls,
          nicolae_qazlal_scattered_showers, cheibriados_altar_1, enter_bailey_3,
          minmay_starry_boxes
D:9:      layout_rooms, dpeg_oklobed_lair, uniq_joseph
Temple:   nicolae_temple_ecumenical_triangle

Skill      XL: |  1  2  3  4  5  6  7  8  9 10 |
---------------+-------------------------------+-----
Axes           | 3 4 5 7 8 10 12 13 | 13.2
Fighting       | 3 4 5 6 |  6.1
Invocations    | 1 3 4 |  4.2
Armour         | 2 4 5 |  5.1
Dodging        | 3 |  3.3
Throwing       | |  1.0
Spellcasting   | |  2.0
Translocations | |  2.4

Action                   |  1- 3 |  4- 6 |  7- 9 | 10-12 || total
-------------------------+-------+-------+-------+-------++-------
Melee: Hand axe          |    72 |   121 |       |       ||   193
       Kick              |    17 |    35 |    39 |    23 ||   114
       Peck              |     8 |    15 |    34 |    15 ||    72
       Punch             |       |     1 |     3 |       ||     4
       Broad axe         |       |     1 |   188 |    78 ||   267
Throw: Boomerang         |     7 |    30 |    54 |    16 ||   107
Invok: Heroism           |       |     1 |    19 |     6 ||    26
  Use: Scroll            |     7 |     7 |     2 |     5 ||    21
       Potion            |     3 |     2 |       |     1 ||     6
 Stab: Sleeping          |     1 |       |     1 |       ||     2
Armor: Leather armour    |    15 |       |       |       ||    15
       Scale mail        |     2 |    35 |    42 |       ||    79
       Chain mail        |       |       |     8 |    39 ||    47
Dodge: Dodged            |    33 |    48 |   146 |    96 ||   323

Table legend:
 A = Non-vault XP
 B = Vault XP
 C = Vault XP percentage of total XP
 D = Non-vault monster count
 E = Vault monster count
 F = Vault count percentage of total count
                 A         B        C        D         E       F
            +---------+---------+-------+---------+---------+-------
      Total |    5456 |    1573 |  22.4 |     168 |      31 |  15.6
            +---------+---------+-------+---------+---------+-------
        D:1 |      16 |       0 |   0.0 |       9 |       0 |   0.0
        D:2 |      46 |       8 |  14.8 |      19 |       3 |  13.6
        D:3 |      75 |      10 |  11.8 |      24 |      10 |  29.4
        D:4 |     177 |     223 |  55.8 |      21 |       1 |   4.5
        D:5 |     494 |      82 |  14.2 |      10 |       2 |  16.7
        D:6 |    1041 |     287 |  21.6 |      29 |       2 |   6.5
        D:7 |     941 |     347 |  26.9 |      18 |       2 |  10.0
        D:8 |    2551 |     255 |   9.1 |      37 |      10 |  21.3
        D:9 |     115 |     361 |  75.8 |       1 |       1 |  50.0
            +---------+---------+-------+---------+---------+-------
